 Dungeon Crawl Stone Soup version 0.22-a0-362-g535178c (webtiles) character file.

2 4thArraOfDagon the Grave Robber (level 1, -1/7 HPs)
             Began as a Felid Necromancer on Apr 19, 2018.
             Slain by an adder (4 damage)
             ... on level 3 of the Dungeon.
             The game lasted 00:01:06 (186 turns).

4thArraOfDagon the Grave Robber (Felid Necromancer)  Turns: 186, Time: 00:01:07

Health: -1/7       AC:  1    Str:  4    XL:     1   Next: 25%
Magic:  0/4        EV: 18    Int: 16    God:
Gold:   32         SH:  0    Dex: 16    Spells: 3/4 levels left
                                        Lives:  0   Deaths: 0

rFire    . . .     SeeInvis +   (weapon unavailable)
rCold    . . .     Gourm    .   (shield unavailable)
rNeg     . . .     Faith    .   (armour unavailable)
rPois    .         Spirit   .   (helmet unavailable)
rElec    .         Reflect  .   (cloak unavailable)
rCorr    .         Harm     .   (gloves unavailable)
MR       .....     Rnd*Tele +   (boots unavailable)
Stlth    +++.......             (no amulet)
HPRegen  0.02/turn              c - ring of teleportation (curse)
MPRegen  0.09/turn              (no ring)

@: very slightly contaminated, quick
A: very small, no armour, no weapons or thrown items, stealth, claws 1, fangs 3,
see invisible, carnivore, speed 1, shaggy fur 1, slow metabolism 1, sharp paws
a: no special abilities


You were on level 3 of the Dungeon.
You were not hungry.

You visited 1 branch of the dungeon, and saw 4 of its levels.

You collected 32 gold pieces.

Inventory:

Jewellery
 c - a cursed ring of teleportation (left paw)
Comestibles
 b - 2 rations


   Skills:
 - Level 2.6 Dodging
 - Level 2.6 Stealth
 + Level 2.0 Spellcasting
 * Level 4.0 Necromancy


You had 3 spell levels left.
You knew the following spells:

 Your Spells              Type           Power        Failure   Level  Hunger
a - Pain                  Necr           ##..         3%          1    #......


Dungeon Overview and Level Annotations

Branches:
Dungeon (4/15)
 Temple: D:4-7

Altars:
Yredelemnul


Innate Abilities, Weirdness & Mutations

You cannot wear armour.
You are incapable of wielding weapons or throwing items.
Your paws allow you to move quietly. (Stealth)
You have sharp claws.
You have razor-sharp teeth.
You have supernaturally acute eyesight. (SInv)
You are carnivorous and can eat meat at any time.
You cover ground quickly.
You are covered in fur. (AC +1)
You have a slow metabolism.
Your sharp claws are effective at attacking unaware monsters.


Message History

Aiming: Pain (safe; 3% risk of failure)
Press: ? - help, Shift-Dir - straight line, f/p - adder
Aim: an adder (heavily wounded, chance to defeat MR: 79%)
The adder barely resists.
Casting: Pain (safe; 3% risk of failure)
Confirm with . or Enter, or press ? or * to list all spells.
Aiming: Pain (safe; 3% risk of failure)
Press: ? - help, Shift-Dir - straight line, f/p - adder
Aim: an adder (heavily wounded, chance to defeat MR: 79%)
The adder writhes in agony!
The adder misses you.
Casting: Pain (safe; 3% risk of failure)
Confirm with . or Enter, or press ? or * to list all spells.
Aiming: Pain (safe; 3% risk of failure)
Press: ? - help, Shift-Dir - straight line, f/p - adder
Aim: an adder (almost dead, chance to defeat MR: 79%)
You miscast Pain.
You are very lightly contaminated with residual magic.
Nothing appears to happen.
The adder bites you.
Ouch! That really hurt!
You die...

..P............h
##.#####........
.. ..g.g...g.#
.# ##.######.#
.# #.# #.# .#
#.# #.# .# ##.#
#.# .# ...#
#.#######.# ####
#..gg...@.# ##
#########S#
...## .# .....
.# #.## .# #...
.# #..P
##########.#
##..
#....<>....#
#..P
#.##########
#...


You could see an adder and 2 hobgoblins.

Vanquished Creatures
  A hobgoblin (D:1)
  A frilled lizard (D:2)
2 creatures vanquished.

Notes
Turn   | Place    | Note
-------+----------+-------------------------------------------
     0 | D:1      | 4thArraOfDagon the Felid Necromancer began the quest for the Orb.
     0 | D:1      | Reached XP level 1. HP: 7/7 MP: 4/4
   136 | D:3      | Found a basalt altar of Yredelemnul.
   186 | D:3      | Slain by an adder

Vault maps used:
D:1:      arrival_zaba_pyramid, kennysheep_flooded_box
D:2:      grunt_qazlal_sundering, marbit_many_paths, lexackson_kobold_supper
D:3:      lemuel_castle_with_subvaults, overflow_temple_1_default,
          lemuel_round_altar, grunt_temple_overflow_cloverleaf,
          yredelemnul_altar_generic
D:4:      kennysheep_mini

Action                   || total
-------------------------++-------
Melee: Unarmed           ||     2
 Cast: Pain              ||     7
  Use: Scroll            ||     1
 Stab: Sleeping          ||     1
Dodge: Dodged            ||     3

Table legend:
 A = Spawn XP
 B = Non-spawn XP
 C = Spawn XP percentage of total XP
 D = Spawn monster count
 E = Non-spawn monster count
 F = Spawn count percentage of total count
 G = Total turns spent on level
                    A         B        C        D         E        F      G
               +---------+---------+-------+---------+---------+-------+---------
         Total |       0 |       3 |   0.0 |       0 |       2 |   0.0 |   186
               +---------+---------+-------+---------+---------+-------+---------
           D:1 |       0 |       2 |   0.0 |       0 |       1 |   0.0 |    29
           D:2 |       0 |       1 |   0.0 |       0 |       1 |   0.0 |    58
               +---------+---------+-------+---------+---------+-------+---------
